[Event "Titled Tuesday Blitz November 08 Early 2022"]
[White "Fernandez Hernandez, Gerardo"]
[Black "Kim, Sergey"]
[WhiteFideId "2207400"]
[BlackFideId "13700570"]
[WhiteElo "2243"]
[BlackElo "2610"]
[Result "0-1"]
[Round "01"]
[TimeControl "180+1"]
[Date "2022.11.09"]
[WhiteClock "0:00:06"]
[BlackClock "0:02:14"]

1. e4 e5 2. Nf3 Nc6 3. Bc4 Bc5 4. b4 Bxb4 5. c3 Ba5 6. d4 d6 7. Qb3 Qd7 8. dxe5 dxe5 9. Ba3 Bb6 10. Nbd2 Na5 11. Qc2 Nxc4 12. Nxc4 f6 13. Rd1 Qe6 14. Qa4+ Bd7 15. Qb4 O-O-O 16. O-O Nh6 17. Rb1 Bc6 18. Nxb6+ axb6 19. Rfe1 Rd3 20. c4 Rhd8 21. c5 b5 22. Qa5 Kd7 23. Rbd1 Rxd1 24. Rxd1+ Ke8 25. Rxd8+ Kxd8 26. Qa8+ Kd7 27. Qh8 Bxe4 28. Qxg7+ Nf7 29. Nd2 Bg6 30. h3 Qxa2 31. Bc1 Qa1 32. Nb3 Qc3 33. Qxf6 Qxb3 0-1


[Site "https://www.chess.com"]

[Event "Titled Tuesday Blitz November 08 Early 2022"]
[White "Fernandez Siles, Luis"]
[Black "Fernandez De La Vara, Arnaldo"]
[WhiteFideId "2209420"]
[BlackFideId "3518388"]
[WhiteElo "2186"]
[BlackElo "2387"]
[Result "1-0"]
[Round "01"]
[TimeControl "180+1"]
[Date "2022.11.09"]
[WhiteClock "0:00:18"]
[BlackClock "0:00:02"]

1. e4 c5 2. Nf3 e6 3. c3 d5 4. exd5 Qxd5 5. d4 Nc6 6. a3 Nf6 7. Be3 cxd4 8. cxd4 Qd8 9. Nc3 Bd6 10. Bd3 O-O 11. O-O b6 12. Re1 Bb7 13. Bc2 Ne7 14. Bg5 Nf5 15. d5 h6 16. Bxf6 Qxf6 17. dxe6 Rad8 18. exf7+ Rxf7 19. Qe2 Kh8 20. Ne4 Qxb2 21. Nxd6 Nxd6 22. Ne5 Rf6 23. Rad1 Rdf8 24. Rxd6 Rxf2 25. Ng6+ Kg8 26. Qc4+ R2f7 27. Nxf8 Qxa3 28. Bb3 Qxd6 29. Qxf7+ 1-0


[Site "https://www.chess.com"]

[Event "Titled Tuesday Blitz November 08 Early 2022"]
[White "Galchenko, Matvey"]
[Black "Tifferet, Shaked"]
[WhiteFideId "24175480"]
[BlackFideId "2811529"]
[WhiteElo "2403"]
[BlackElo "2142"]
[Result "1-0"]
[Round "01"]
[TimeControl "180+1"]
[Date "2022.11.09"]
[WhiteClock "0:00:18"]
[BlackClock "0:00:01"]

1. f4 d5 2. Nf3 Nf6 3. g3 g6 4. Bg2 Bg7 5. O-O O-O 6. d3 c5 7. Ne5 Nc6 8. Nxc6 bxc6 9. e4 a5 10. e5 Nd7 11. c4 e6 12. Nc3 Nb6 13. b3 a4 14. Ba3 axb3 15. axb3 Nd7 16. Na4 f6 17. exf6 Bxf6 18. Rc1 Bd4+ 19. Kh1 Qe7 20. Re1 Bb7 21. Qe2 Rfe8 22. Bb2 Qf7 23. Qd2 Rac8 24. Qa5 Bxb2 25. Nxb2 e5 26. fxe5 Rxe5 27. Rxe5 Nxe5 28. Qxc5 Ng4 29. Rf1 Qe6 30. Qd4 Ne3 31. Re1 Re8 32. Na4 dxc4 33. Nc5 Qe5 34. Qxe5 Rxe5 35. d4 Rxc5 36. dxc5 Nxg2 37. Kxg2 cxb3 38. Rb1 Ba6 39. Rxb3 Kf7 40. Re3 Bc4 41. Kf3 Bd5+ 42. Kf4 Kf6 43. Re8 g5+ 44. Ke3 Kf7 45. Re5 Kf6 46. Kd4 Bf7 47. Re1 h6 48. Kc3 Bd5 49. Kb4 Kf5 50. h3 h5 51. Ka5 h4 52. gxh4 gxh4 53. Kb6 Kf4 54. Rg1 Kf3 55. Rg4 Be6 56. Rxh4 Kg3 57. Rh6 Bd5 58. Rxc6 1-0


[Site "https://www.chess.com"]

[Event "Titled Tuesday Blitz November 08 Early 2022"]
[White "Garcia Ramos, Daniel"]
[Black "Zainullina, Nataliya"]
[WhiteFideId "32010311"]
[BlackFideId "4145488"]
[WhiteElo "2357"]
[BlackElo "2075"]
[Result "1-0"]
[Round "01"]
[TimeControl "180+1"]
[Date "2022.11.09"]
[WhiteClock "0:00:05"]
[BlackClock "0:00:02"]

1. e4 c6 2. d4 d5 3. Nd2 dxe4 4. Nxe4 Nf6 5. Nxf6+ exf6 6. c3 Bd6 7. Bd3 Na6 8. Ne2 Nc7 9. O-O O-O 10. Qc2 g6 11. Bf4 Nd5 12. Bxd6 Qxd6 13. Rad1 Bg4 14. Rfe1 Bxe2 15. Bxe2 Rfe8 16. Bf3 Re7 17. Rxe7 Qxe7 18. c4 Nf4 19. g3 Nh3+ 20. Kg2 Ng5 21. Rd3 Re8 22. Re3 Qd7 23. Rxe8+ Qxe8 24. h4 Ne6 25. d5 Nd4 26. Qd3 Qe5 27. dxc6 bxc6 28. b4 Kg7 29. a4 f5 30. b5 cxb5 31. cxb5 f4 32. g4 f5 33. g5 h6 34. gxh6+ Kxh6 35. Qa3 Qf6 36. Qc3 Qd6 37. a5 Kh7 38. b6 axb6 39. a6 Nb5 40. Qb3 Nc7 41. a7 Qd8 42. Qxb6 Kh6 43. a8=Q Qxh4 44. Qxc7 Qg5+ 45. Kf1 Qg1+ 46. Kxg1 Kg5 47. Qe7+ 1-0


[Site "https://www.chess.com"]

[Event "Titled Tuesday Blitz November 08 Early 2022"]
[White "Garic, Radomir"]
[Black "Schmakel, Sam"]
[WhiteFideId "920959"]
[BlackFideId "2039311"]
[WhiteElo "2227"]
[BlackElo "2356"]
[Result "0-1"]
[Round "01"]
[TimeControl "180+1"]
[Date "2022.11.09"]
[WhiteClock "0:00:08"]
[BlackClock "0:00:03"]

1. e4 c5 2. Nf3 e6 3. c3 d5 4. exd5 Qxd5 5. d4 Nf6 6. Be3 cxd4 7. cxd4 Nc6 8. Nc3 Bb4 9. Be2 O-O 10. O-O Qd6 11. Nb5 Qe7 12. a3 Ba5 13. Bf4 Rd8 14. Ne5 Bb6 15. Nxc6 bxc6 16. Nc3 Rxd4 17. Qc1 e5 18. Be3 Rd8 19. Bg5 h6 20. Bh4 Bf5 21. Re1 e4 22. Na4 Bd4 23. Qxc6 Rac8 24. Qb5 Bd7 25. Qa5 e3 26. fxe3 Qxe3+ 27. Kh1 Bxa4 28. Qxa4 Bxb2 29. Rab1 Bc3 30. Qb3 Qe5 31. Bxf6 gxf6 32. Ba6 Bxe1 33. Bxc8 Rxc8 34. Qh3 Rd8 35. Qxh6 Bd2 36. Qh4 Bg5 37. Qg4 Qd4 38. Qh5 Qd3 39. Rg1 Qxa3 40. h4 Be3 41. Qg4+ Kf8 42. Re1 Qc3 43. Rf1 Qe5 44. Qf3 a5 45. Re1 Re8 46. Qc6 Qg3 47. Qd6+ Qxd6 0-1


[Site "https://www.chess.com"]

[Event "Titled Tuesday Blitz November 08 Early 2022"]
[White "Garrido, Denis"]
[Black "Bodnaruk, Anastasia"]
[WhiteFideId "601217"]
[BlackFideId "4181751"]
[WhiteElo "2191"]
[BlackElo "2319"]
[Result "0-1"]
[Round "01"]
[TimeControl "180+1"]
[Date "2022.11.09"]
[WhiteClock "0:00:47"]
[BlackClock "0:00:23"]

1. e4 c5 2. Nf3 d6 3. Bb5+ Bd7 4. Bxd7+ Qxd7 5. O-O Nc6 6. c3 Nf6 7. Qe2 e6 8. d4 cxd4 9. cxd4 d5 10. e5 Ne4 11. Nbd2 Nxd2 12. Bxd2 Be7 13. g3 O-O 14. Kg2 Rae8 15. h4 f6 16. exf6 Bxf6 17. Bc3 Bd8 18. Qd3 Rf5 19. Rae1 Ref8 20. Re3 Qf7 21. Rfe1 h6 22. R1e2 g5 23. hxg5 hxg5 24. Be1 Rxf3 25. Rxf3 Qxf3+ 26. Qxf3 Rxf3 27. Kxf3 Nxd4+ 28. Ke3 Nxe2 29. Kxe2 Bf6 30. b3 e5 31. Bb4 Kf7 32. g4 e4 33. f3 exf3+ 34. Kxf3 Ke6 35. Ke3 Be7 36. Bc3 Ba3 37. Bd4 Bc1+ 38. Kd3 a6 39. a4 Bf4 40. Ke2 Be5 41. Be3 Bf6 42. Kd3 Kd6 43. Bd2 Bd8 44. Bb4+ Ke5 45. Ke3 Bb6+ 46. Kf3 Kd4 47. Bd2 Bd8 48. Ke2 Ke4 49. Bc1 d4 50. Bb2 d3+ 51. Kd2 Ba5+ 52. Kd1 Kf4 53. Bc1+ Kxg4 54. Be3 Kf5 0-1


[Site "https://www.chess.com"]

[Event "Titled Tuesday Blitz November 08 Early 2022"]
[White "Gheorghiu, Calin"]
[Black "czernikowskqa"]
[WhiteFideId "1200305"]
[WhiteElo "2225"]
[BlackElo "1740"]
[Result "1-0"]
[Round "01"]
[TimeControl "180+1"]
[Date "2022.11.09"]
[WhiteClock "0:00:23"]
[BlackClock "0:01:06"]

1. e4 c5 2. Nf3 Nc6 3. Nc3 g6 4. g3 Bg7 5. Bg2 d6 6. O-O e6 7. b3 Nge7 8. Bb2 O-O 9. Re1 Rb8 10. Qc1 b5 11. Ne2 e5 12. d3 f5 13. exf5 Bxf5 14. Ng5 Bh6 15. h4 Nd4 16. Nxd4 cxd4 17. Qd2 Qc7 18. Qe2 Rbc8 19. Rac1 Nc6 20. Bd5+ Kg7 21. c3 Ne7 22. cxd4 Qb6 23. Rxc8 Rxc8 24. Ne6+ Bxe6 25. Bxe6 exd4 26. Bxc8 Nxc8 27. Qe6 Qc6 28. Bxd4+ Kf8 29. Qf6+ Kg8 30. Qh8+ Kf7 31. Qf6+ Kg8 32. Kh2 Qd7 33. Qh8+ Kf7 34. Qxh7+ Kf8 35. Qxd7 Kg8 36. Re8+ Bf8 37. Qg7# 1-0


[Site "https://www.chess.com"]

[Event "Titled Tuesday Blitz November 08 Early 2022"]
[White "Gholami Orimi, Mahdi"]
[Black "Urbina Perez, Juan Antonio"]
[WhiteFideId "12558486"]
[BlackFideId "2217368"]
[WhiteElo "2330"]
[BlackElo "2197"]
[Result "0-1"]
[Round "01"]
[TimeControl "180+1"]
[Date "2022.11.09"]
[WhiteClock "0:00:03"]
[BlackClock "0:00:20"]

1. d4 d5 2. c4 c6 3. Nf3 Nf6 4. e3 Bg4 5. h3 Bxf3 6. gxf3 e6 7. Nc3 Nbd7 8. f4 c5 9. cxd5 Nxd5 10. Nxd5 exd5 11. Bg2 Nf6 12. O-O Bd6 13. dxc5 Bxc5 14. Qb3 Qb6 15. Rd1 O-O 16. Bxd5 Nxd5 17. Rxd5 Rad8 18. Rxd8 Rxd8 19. Qxb6 Bxb6 20. b3 Rd1+ 21. Kg2 f6 22. Kf3 Bc5 23. Bb2 Rd2 24. Bc3 Rc2 25. Be1 Kf7 26. Ke4 Ke6 27. Kd3 Rb2 28. Kc3 Re2 29. b4 Bd6 30. a4 a6 31. Rd1 b5 32. axb5 axb5 33. Ra1 h5 34. Rb1 Ra2 35. Rb2 Ra1 36. Kd2 Ra4 37. Ke2 Ra1 38. Rc2 Kd5 39. Rd2+ Ke6 40. Rc2 Kd5 41. Bd2 Rh1 42. f3 Rxh3 43. e4+ Ke6 44. Rc6 Kd7 45. Rb6 Rh2+ 46. Kd3 h4 47. Rxb5 h3 48. Rh5 Rh1 49. b5 Ke6 50. f5+ Kf7 51. f4 Rb1 52. Rxh3 Rxb5 53. Kc4 Rb2 54. Rd3 Be7 55. e5 fxe5 56. fxe5 Rc2+ 57. Kd5 Rc5+ 58. Ke4 g6 59. e6+ Kf6 60. Bc3+ Kg5 0-1


[Site "https://www.chess.com"]

[Event "Titled Tuesday Blitz November 08 Early 2022"]
[White "Gilmanov, Mansur"]
[Black "Artemiev, Vladislav"]
[WhiteFideId "4166868"]
[BlackFideId "24101605"]
[WhiteElo "2377"]
[BlackElo "2802"]
[Result "0-1"]
[Round "01"]
[TimeControl "180+1"]
[Date "2022.11.08"]
[WhiteClock "0:00:28"]
[BlackClock "0:00:10"]

1. d4 d5 2. e3 Nf6 3. Bd3 g6 4. f4 Bg7 5. Nf3 O-O 6. O-O c5 7. c3 Nc6 8. b3 cxd4 9. exd4 Bf5 10. Bb2 Rc8 11. Ne5 e6 12. Bxf5 exf5 13. Nd2 Re8 14. Rc1 Ne4 15. Nxe4 fxe4 16. c4 Nb4 17. Ba3 Qa5 18. Bxb4 Qxb4 19. cxd5 Rxc1 20. Qxc1 Qxd4+ 21. Kh1 Bxe5 22. fxe5 Qxd5 23. Qf4 Rxe5 24. Qe3 Qc5 25. Qe2 e3 26. Rd1 Qb5 27. Qe1 e2 28. Rd8+ Kg7 29. h3 Rf5 30. Kh2 Qe5+ 31. g3 Rf1 32. Qxe2 Qxe2# 0-1


[Site "https://www.chess.com"]

[Event "Titled Tuesday Blitz November 08 Early 2022"]
[White "Goldin, Alexander"]
[Black "Lakshmi C"]
[WhiteFideId "2019540"]
[BlackFideId "25035347"]
[WhiteElo "2597"]
[BlackElo "1865"]
[Result "1-0"]
[Round "01"]
[TimeControl "180+1"]
[Date "2022.11.09"]
[WhiteClock "0:00:39"]
[BlackClock "0:00:01"]

1. d4 Nf6 2. c4 e6 3. Nf3 b6 4. a3 Bb7 5. Nc3 Be7 6. d5 Na6 7. b4 Qb8 8. e4 d6 9. Bd3 O-O 10. O-O Qc8 11. h3 Nb8 12. Bb2 c6 13. dxe6 Qxe6 14. Nd4 Qd7 15. Nf5 Rd8 16. Nxe7+ Qxe7 17. f4 Na6 18. Qd2 Nc7 19. Rae1 Qd7 20. Ne2 Nfe8 21. Ng3 d5 22. cxd5 cxd5 23. e5 d4 24. f5 Nb5 25. e6 Qc6 26. Be4 Qc7 27. Bxb7 Qxb7 28. Qd3 Ned6 29. a4 Nc7 30. e7 Rd7 31. Qxd4 Nde8 32. Qxd7 Qa6 33. Nh5 Qc4 34. Rc1 Qxb4 35. Bxg7 Nxg7 36. Nf6+ Kh8 37. Rxc7 1-0


[Site "https://www.chess.com"]

[Event "Titled Tuesday Blitz November 08 Early 2022"]
[White "Golizadeh, Asghar"]
[Black "Stribuk, Artiom"]
[WhiteFideId "12505269"]
[BlackFideId "13515659"]
[WhiteElo "2403"]
[BlackElo "2371"]
[Result "0-1"]
[Round "01"]
[TimeControl "180+1"]
[Date "2022.11.09"]
[WhiteClock "0:00:03"]
[BlackClock "0:00:06"]

1. e4 c5 2. Nc3 Nc6 3. Bb5 Nd4 4. Nf3 e6 5. Bd3 Nc6 6. Rb1 Nge7 7. O-O g6 8. e5 Bg7 9. Re1 O-O 10. g3 d6 11. exd6 Qxd6 12. Ne4 Qd5 13. Qe2 b6 14. b3 Bb7 15. Bb2 e5 16. Bc4 Qd7 17. Neg5 Nf5 18. Qd3 Qc7 19. Ba6 Rad8 20. Qf1 Ba8 21. Bd3 Nfe7 22. Qh3 h6 23. Bc4 Nd5 24. Ne4 Na5 25. Bxd5 Bxd5 26. d3 Bb7 27. Nfd2 Nc6 28. Nc4 f5 29. Nc3 Rfe8 30. Nb5 Qb8 31. a4 a6 32. Nc3 Qc7 33. Ne3 Nd4 34. Red1 Qc6 35. Kf1 f4 36. Ng2 Nf3 37. Ne4 Bc8 38. g4 Nd4 39. Bxd4 exd4 40. f3 g5 41. Qh5 Re7 42. h4 Rxe4 43. dxe4 Qf6 44. hxg5 hxg5 45. Qh3 Be6 46. Kf2 b5 47. Rh1 c4 48. Qh7+ Kf8 49. e5 Qxe5 50. Rbe1 Qf6 51. Re2 d3 52. cxd3 cxd3 53. Rd2 Qd4+ 54. Kf1 Qa1+ 55. Kf2 Qd4+ 56. Kf1 Bxb3 57. Ne1 Bc4 58. Rdh2 d2+ 59. Kg2 dxe1=Q 60. Qf5+ Qf6 61. Rh8+ Kf7 62. Qxf6+ Kxf6 63. Rxd8 Qg3# 0-1


[Site "https://www.chess.com"]

[Event "Titled Tuesday Blitz November 08 Early 2022"]
[White "Goltsev, Dmitry"]
[Black "Muminova, Nafisa"]
[WhiteFideId "24176710"]
[BlackFideId "14201526"]
[WhiteElo "2289"]
[BlackElo "2258"]
[Result "1-0"]
[Round "01"]
[TimeControl "180+1"]
[Date "2022.11.09"]
[WhiteClock "0:01:44"]
[BlackClock "0:00:30"]

1. e4 e6 2. Nf3 d5 3. exd5 exd5 4. d4 Bd6 5. Bd3 Ne7 6. O-O Bf5 7. c4 c6 8. Bxf5 Nxf5 9. Re1+ Be7 10. Qd3 Nd6 11. cxd5 cxd5 12. Nc3 Qa5 13. Bd2 Nc4 14. Rxe7+ Kxe7 15. Re1+ Kf8 16. Qe2 Nc6 17. Bf4 Qd8 18. b3 Nb6 19. Nb5 Qd7 20. Nc7 Ne7 21. Nxa8 Nxa8 22. Ne5 Qe6 23. Qb5 Nb6 24. Nf3 Qc6 25. Qxc6 bxc6 26. Bd6 Nc8 27. Bc5 f6 28. Rc1 Kf7 29. Ne1 Kf8 30. Nd3 Kf7 31. Nb4 Re8 32. f3 g5 33. Kf2 h5 34. Rc2 g4 35. Bxe7 Nxe7 36. Nxc6 Rc8 37. Nb4 Rxc2+ 38. Nxc2 gxf3 39. Kxf3 Nc6 40. Ke3 Ke6 41. Kd3 a5 42. a3 f5 43. b4 axb4 44. axb4 Na7 45. Na3 Kd6 46. b5 Kc7 47. Kc3 Kb6 48. Kb4 Nc8 49. Nb1 Nd6 50. Nc3 Ne4 51. Nxd5+ Kb7 52. Nf4 Nd2 53. Nxh5 Nf1 54. h3 Ne3 55. Ng7 Nd5+ 56. Kc5 Nc3 57. Nxf5 Na4+ 58. Kd6 Kb6 59. h4 Kxb5 60. h5 Nc3 61. h6 Ne4+ 62. Ke5 Ng5 63. g4 Kc4 64. d5 Kc5 65. d6 Kc6 66. Kf6 Ne4+ 67. Kg6 Kd7 68. h7 1-0


[Site "https://www.chess.com"]

[Event "Titled Tuesday Blitz November 08 Early 2022"]
[White "Golubev, Mikhail"]
[Black "Khaliun, Batnasan"]
[WhiteFideId "14100983"]
[BlackFideId "4906276"]
[WhiteElo "2374"]
[BlackElo "1752"]
[Result "1-0"]
[Round "01"]
[TimeControl "180+1"]
[Date "2022.11.09"]
[WhiteClock "0:01:19"]
[BlackClock "0:00:14"]

1. e4 c5 2. Nf3 d6 3. d4 cxd4 4. Nxd4 Nf6 5. Nc3 a6 6. Bc4 e6 7. O-O b5 8. Bb3 Bb7 9. Re1 Nbd7 10. a4 b4 11. Nd5 Nxd5 12. exd5 e5 13. Nc6 Bxc6 14. dxc6 Nc5 15. Bd5 Rc8 16. Qg4 h6 17. Be3 g5 18. Rad1 Bg7 19. Bxc5 O-O 20. Bxb4 Qf6 21. Be4 Kh8 22. Rxd6 Qxd6 23. Bxd6 1-0


[Site "https://www.chess.com"]

[Event "Titled Tuesday Blitz November 08 Early 2022"]
[White "Goncalves, Davi Sulzbacher"]
[Black "Tang, Andrew"]
[WhiteFideId "2154510"]
[BlackFideId "2059630"]
[WhiteElo "2182"]
[BlackElo "2581"]
[Result "0-1"]
[Round "01"]
[TimeControl "180+1"]
[Date "2022.11.09"]
[WhiteClock "0:00:13"]
[BlackClock "0:01:09"]

1. Nf3 b5 2. e4 Bb7 3. Bxb5 Bxe4 4. O-O Nf6 5. Nc3 Bb7 6. d4 e6 7. Bg5 Be7 8. Re1 O-O 9. a4 h6 10. Bxf6 Bxf6 11. Ne4 Bxe4 12. Rxe4 d5 13. Re3 c5 14. dxc5 Bxb2 15. Rb1 Bf6 16. Ne5 a6 17. Bd3 Bxe5 18. Rxe5 Nd7 19. Rh5 Nxc5 20. Qg4 Qf6 21. Bf1 Ne4 22. Rb3 Qxf2+ 0-1


[Site "https://www.chess.com"]

[Event "Titled Tuesday Blitz November 08 Early 2022"]
[White "Gonzalez Vega, Alejandro"]
[Black "Putnam, Liam"]
[WhiteFideId "3510042"]
[BlackFideId "30938279"]
[WhiteElo "2278"]
[BlackElo "2082"]
[Result "1-0"]
[Round "01"]
[TimeControl "180+1"]
[Date "2022.11.09"]
[WhiteClock "0:00:26"]
[BlackClock "0:00:07"]

1. e4 g6 2. d4 Bg7 3. c3 d6 4. h4 Nf6 5. f3 h5 6. Be3 Nc6 7. Nh3 e5 8. d5 Ne7 9. Ng5 c6 10. c4 O-O 11. Nc3 cxd5 12. cxd5 a6 13. a4 Bd7 14. Be2 Rc8 15. O-O Qa5 16. Qd2 Qb4 17. a5 Nh7 18. Nxh7 Kxh7 19. Rfd1 f5 20. Na4 Qxd2 21. Rxd2 Bxa4 22. Rxa4 Bf6 23. g3 fxe4 24. fxe4 Rc1+ 25. Kg2 Bg7 26. Rb4 Rc7 27. Bb6 Rcc8 28. Be3 Rc7 29. Bb6 Rd7 30. Be3 Bh6 31. Bxh6 Kxh6 32. Rc2 Rc8 33. Rbc4 Rxc4 34. Rxc4 Kg7 35. g4 Kh6 36. g5+ Kg7 37. Rc3 Kf7 38. Bd1 b5 39. axb6 Rb7 40. Rb3 Nc8 41. Be2 a5 42. Kf3 Rxb6 43. Rxb6 Nxb6 44. Bb5 Ke7 45. Ke3 Na8 46. Kd3 Nb6 47. Kc3 Kd8 48. Kb3 Ke7 49. Ka3 Kf7 50. b4 axb4+ 51. Kxb4 Ke7 52. Ka5 Na8 53. Bc6 Nc7 54. Kb6 Kd8 55. Kb7 Ne8 56. Bxe8 Kxe8 57. Kc7 Ke7 58. Kc6 Ke8 59. Kxd6 Kd8 60. Kxe5 Ke7 61. d6+ 1-0


[Site "https://www.chess.com"]

[Event "Titled Tuesday Blitz November 08 Early 2022"]
[White "Goroshkov, Maksym"]
[Black "Brown, Andrew"]
[WhiteFideId "14142716"]
[BlackFideId "3206513"]
[WhiteElo "2257"]
[BlackElo "2245"]
[Result "1-0"]
[Round "01"]
[TimeControl "180+1"]
[Date "2022.11.09"]
[WhiteClock "0:01:28"]
[BlackClock "0:00:10"]

1. e4 g6 2. d4 Bg7 3. c4 d6 4. Nc3 Nd7 5. f4 e5 6. Nf3 exd4 7. Nxd4 Ngf6 8. Be2 Nc5 9. Bf3 O-O 10. O-O a5 11. Be3 Re8 12. Qc2 Ng4 13. Bxg4 Bxg4 14. h3 Bd7 15. Rae1 Qh4 16. Nde2 Bxh3 17. Bf2 Qg4 18. Ng3 Bd4 19. Bxd4 Qxg3 20. Re3 Qxg2+ 21. Qxg2 Bxg2 22. Kxg2 Ne6 23. Bf6 c6 24. Rh3 h5 25. Kf3 Nf8 26. Rg1 Nd7 27. Bd4 Kf8 28. f5 c5 29. Be3 Ne5+ 30. Ke2 gxf5 31. Nd5 Nxc4 32. Bh6# 1-0


[Site "https://www.chess.com"]

[Event "Titled Tuesday Blitz November 08 Early 2022"]
[White "Gronnestad, Anita"]
[Black "Cruz Mendez, Jean Marco"]
[WhiteFideId "1502972"]
[BlackFideId "3526402"]
[WhiteElo "1939"]
[BlackElo "2064"]
[Result "0-1"]
[Round "01"]
[TimeControl "180+1"]
[Date "2022.11.09"]
[WhiteClock "0:00:23"]
[BlackClock "0:01:06"]

1. d4 Nf6 2. c4 c5 3. d5 d6 4. Nc3 g6 5. e4 Bg7 6. f4 O-O 7. h3 e6 8. Nf3 exd5 9. exd5 Na6 10. Be2 h5 11. O-O Bf5 12. a3 Nc7 13. b4 cxb4 14. axb4 a5 15. bxa5 Na6 16. Nd4 Bd7 17. f5 Nc5 18. fxg6 fxg6 19. Bg5 Rxa5 20. Rxa5 Qxa5 21. Ncb5 Qb6 22. Kh1 Bxb5 23. Nxb5 Nce4 24. Kh2 Ng4+ 25. hxg4 Be5+ 26. Kh3 Nxg5+ 27. Kh4 Qe3 28. Rxf8+ Kxf8 29. Qf1+ Kg7 30. Qe1 Kh6 31. Nc7 Qh3+ 32. gxh3 Nf3+ 33. Bxf3 g5# 0-1


[Site "https://www.chess.com"]

[Event "Titled Tuesday Blitz November 08 Early 2022"]
[White "Grot, Blazej"]
[Black "Kosteniuk, Alexandra"]
[WhiteFideId "21835845"]
[BlackFideId "4128125"]
[WhiteElo "1822"]
[BlackElo "2469"]
[Result "0-1"]
[Round "01"]
[TimeControl "180+1"]
[Date "2022.11.09"]
[WhiteClock "0:00:12"]
[BlackClock "0:00:50"]

1. e4 c6 2. d4 d5 3. Nd2 dxe4 4. Nxe4 Nf6 5. Nxf6+ exf6 6. c3 Bd6 7. Bd3 O-O 8. Ne2 Re8 9. O-O Nd7 10. Ng3 Nf8 11. Be3 g6 12. Qd2 f5 13. Bf4 Ne6 14. Bxd6 Qxd6 15. Rfe1 Bd7 16. Re2 Qf4 17. Qc2 h5 18. h3 h4 19. Nf1 Qg5 20. Kh1 Nf4 21. Rxe8+ Rxe8 22. Ne3 Nxd3 23. Qxd3 f4 24. Nf1 Bf5 25. Qd2 Be4 26. f3 Bd5 27. Re1 Rxe1 28. Qxe1 Bxa2 29. Qe8+ Kg7 30. Nd2 Bd5 31. c4 Be6 32. Ne4 Qf5 33. Qe7 Bxc4 34. Qxb7 Bd5 35. Nd6 Qb1+ 36. Kh2 Qe1 37. Qxa7 Qg3+ 38. Kh1 Qe1+ 39. Kh2 Qe2 40. Qb6 Bxf3 0-1


[Site "https://www.chess.com"]

[Event "Titled Tuesday Blitz November 08 Early 2022"]
[White "Gu, Xiaobing"]
[Black "Gokerkan, Cem Kaan"]
[WhiteFideId "8602611"]
[BlackFideId "6336760"]
[WhiteElo "2174"]
[BlackElo "2365"]
[Result "0-1"]
[Round "01"]
[TimeControl "180+1"]
[Date "2022.11.09"]
[WhiteClock "0:00:01"]
[BlackClock "0:00:21"]

1. e4 Nf6 2. e5 Nd5 3. d4 d6 4. c4 Nb6 5. Nf3 Bg4 6. exd6 cxd6 7. Nc3 e6 8. Be2 Be7 9. O-O O-O 10. b3 Nc6 11. Be3 d5 12. c5 Nd7 13. Rb1 a5 14. a3 Nf6 15. b4 axb4 16. axb4 Ne4 17. Qb3 Bf6 18. Rfd1 Re8 19. h3 Bh5 20. Rbc1 Nxc3 21. Qxc3 e5 22. g4 exd4 23. Nxd4 Bxd4 24. Rxd4 Nxd4 25. Qxd4 Bg6 26. b5 Re4 27. Qd2 d4 28. Bg5 Rxe2 29. Qxe2 Qxg5 30. Re1 Qxc5 31. b6 h5 32. Kg2 hxg4 33. hxg4 Qxb6 34. Qe5 Qc6+ 35. Kg3 d3 0-1


[Site "https://www.chess.com"]

[Event "Titled Tuesday Blitz November 08 Early 2022"]
[White "Guimaraes, Wagner Peixoto"]
[Black "Kravtsiv, Martyn"]
[WhiteFideId "2100940"]
[BlackFideId "14113147"]
[WhiteElo "2231"]
[BlackElo "2694"]
[Result "0-1"]
[Round "01"]
[TimeControl "180+1"]
[Date "2022.11.09"]
[WhiteClock "0:00:24"]
[BlackClock "0:00:56"]

1. e4 e5 2. Nf3 Nc6 3. Bb5 a6 4. Ba4 Nf6 5. O-O Be7 6. Re1 b5 7. Bb3 O-O 8. c3 d5 9. exd5 Nxd5 10. Nxe5 Nxe5 11. Rxe5 c6 12. d4 Bd6 13. Re1 Qh4 14. g3 Qh3 15. Be3 Bg4 16. Qd3 Rae8 17. Nd2 Re6 18. Qf1 Qh5 19. Bxd5 cxd5 20. f4 Rfe8 21. Bf2 Bh3 22. Qd3 Bf5 23. Qf3 Bg4 24. Qd3 Be2 25. Qc2 Rh6 26. h4 Bxf4 27. Nf1 Rg6 28. a4 Qf3 29. axb5 Bxg3 30. Nxg3 Rxg3+ 31. Bxg3 Qxg3+ 0-1


[Site "https://www.chess.com"]

[Event "Titled Tuesday Blitz November 08 Early 2022"]
[White "Guz, Ari"]
[Black "Hon, Eric"]
[WhiteFideId "2825759"]
[BlackFideId "2097117"]
[WhiteElo "2205"]
[BlackElo "1918"]
[Result "1-0"]
[Round "01"]
[TimeControl "180+1"]
[Date "2022.11.09"]
[WhiteClock "0:01:25"]
[BlackClock "0:00:05"]

1. e4 c5 2. Nf3 e6 3. c3 Nc6 4. d4 cxd4 5. cxd4 Nf6 6. Bd3 d5 7. e5 Ne4 8. O-O Be7 9. Nc3 Nxc3 10. bxc3 h6 11. Ne1 O-O 12. Qg4 Bg5 13. f4 Be7 14. f5 exf5 15. Bxf5 Bxf5 16. Rxf5 Kh7 17. Nd3 g6 18. Rf3 Qc8 19. Qg3 Na5 20. Bd2 Nc4 21. Raf1 Kg7 22. Bc1 a5 23. Nf4 g5 24. Nxd5 Qe6 25. Nxe7 Qxe7 26. Rf6 Rad8 27. Bxg5 hxg5 28. Qxg5+ Kh7 29. Rh6# 1-0


[Site "https://www.chess.com"]

[Event "Titled Tuesday Blitz November 08 Early 2022"]
[White "Hajiyev, Kanan"]
[Black "Shimanov, Aleksandr"]
[WhiteFideId "13404148"]
[BlackFideId "4198603"]
[WhiteElo "2118"]
[BlackElo "2605"]
[Result "0-1"]
[Round "01"]
[TimeControl "180+1"]
[Date "2022.11.09"]
[WhiteClock "0:00:06"]
[BlackClock "0:01:00"]

1. d4 Nf6 2. Nf3 g6 3. c4 Bg7 4. Nc3 O-O 5. g3 d6 6. Bg2 Nc6 7. O-O e5 8. b3 Re8 9. e3 Bf5 10. Bb2 e4 11. Nd2 h5 12. a3 a5 13. Nb5 Na7 14. Nxa7 Rxa7 15. d5 Nd7 16. Bxg7 Kxg7 17. Qc2 Qe7 18. b4 Rea8 19. Rab1 axb4 20. axb4 Ra2 21. Rb2 Rxb2 22. Qxb2+ Qf6 23. Qc2 Re8 24. Bxe4 Bh3 25. Rc1 h4 26. Qc3 Ne5 27. f4 Ng4 28. Qxf6+ Nxf6 29. Bg2 Bxg2 30. Kxg2 Rxe3 31. Kf2 Ng4+ 32. Kg1 h3 33. c5 Re2 34. Nf1 Rg2+ 0-1


[Site "https://www.chess.com"]

[Event "Titled Tuesday Blitz November 08 Early 2022"]
[White "Harsh Suresh"]
[Black "Chernov, Mikhail"]
[WhiteFideId "45018464"]
[BlackFideId "24143170"]
[WhiteElo "2227"]
[BlackElo "2113"]
[Result "1/2-1/2"]
[Round "01"]
[TimeControl "180+1"]
[Date "2022.11.09"]
[WhiteClock "0:00:10"]
[BlackClock "0:00:05"]

1. d4 d5 2. c4 c6 3. Nf3 Nf6 4. Qc2 dxc4 5. Qxc4 b5 6. Qc2 Bb7 7. g3 Nbd7 8. Bg2 e6 9. O-O Be7 10. Bf4 O-O 11. Ne5 Nxe5 12. Bxe5 Rc8 13. a4 a6 14. Nd2 Qb6 15. Ne4 Nxe4 16. Bxe4 h6 17. Rfc1 c5 18. Bxb7 Qxb7 19. Qd3 c4 20. Qc2 Rfd8 21. axb5 axb5 22. Rd1 b4 23. Bf4 c3 24. bxc3 bxc3 25. Rdb1 Qd5 26. Ra4 Rc4 27. Rxc4 Qxc4 28. Rb7 Bf6 29. e3 Ra8 30. Rc7 Ra1+ 31. Kg2 Qd5+ 32. e4 Qxd4 33. Rc8+ Kh7 34. e5+ g6 35. exf6 Qd5+ 36. Kh3 Qh5+ 37. Kg2 Qd5+ 38. Kh3 Qh5+ 39. Kg2 Qd5+ 1/2-1/2


[Site "https://www.chess.com"]